 Dungeon Crawl Stone Soup version 0.17.0-26-gececa24 (webtiles) character file.

230 4thArraOfDagon the Gusty (level 5, 0/23 HPs)
             Began as a Felid Air Elementalist on Nov 19, 2015.
             Killed from afar by an orc wizard (4 damage)
             ... with a puff of frost
             ... on level 7 of the Dungeon.
             The game lasted 00:11:46 (1568 turns).

4thArraOfDagon the Gusty (Felid Air Elementalist)   Turns: 1568, Time: 00:11:46

Health: 0/23       AC:  2    Str:  4    XL:     5   Next: 72%
Magic:  5/9        EV: 18    Int: 19    God:
Gold:   158        SH:  0    Dex: 16    Spells: 3 memorised, 3 levels left
                                        Lives:  0   Deaths: 1

rFire  . . .     SeeInvis +       - Unarmed
rCold  . . .     Clarity  .     (armour unavailable)
rNeg   . . .     SustAt   .     (shield unavailable)
rPois  .         Gourm    .     (helmet unavailable)
rElec  .         Spirit   .     (cloak unavailable)
rCorr  .         Warding  .     (gloves unavailable)
rMut   .         Stasis   .     (boots unavailable)
MR     .....                    (no amulet)
Stlth  +++.......               (no ring)
                                (no ring)

@: very slightly contaminated, quick, not resistant to hostile enchantments,
fairly stealthy
A: no armour, no weapons or thrown items, claws 1, fangs 3, see invisible,
carnivore 3, speed 1, shaggy fur 2, slow metabolism 1, sharp paws
a: no special abilities


You were on level 7 of the Dungeon.
You were not hungry.

You visited 1 branch of the dungeon, and saw 7 of its levels.

You collected 158 gold pieces.

Inventory:

Wands
 f - a wand of enslavement (0)
 p - a wand of fire (0)
 q - a wand of flame (9)
Scrolls
 d - 2 scrolls of amnesia {unknown}
 j - a scroll of recharging {unknown}
 k - 3 scrolls of remove curse {unknown}
 n - a scroll of enchant armour {unknown}
 o - 2 scrolls of teleportation {unknown}
 s - a scroll of immolation {unknown}
 t - 2 scrolls of identify {unknown}
 u - 3 scrolls of fear {unknown}
Potions
 e - a potion of brilliance {unknown}
 g - a potion of degeneration {unknown}
 i - a potion of poison {unknown}
 l - a potion of might {unknown}
 m - a potion of resistance {unknown}
 r - a potion of heal wounds {unknown}
 v - a potion of ambrosia {unknown}
Books
 a - a book of Air

   Spells                             Type                      Level
   a - Shock                          Conjuration/Air              1
   b - Swiftness                      Charms/Air                   2
   c - Repel Missiles                 Charms/Air                   2
   d - Static Discharge               Conjuration/Air              3
   e - Lightning Bolt                 Conjuration/Air              5
Comestibles
 b - 3 meat rations
 c - a slice of pizza
 h - a royal jelly


   Skills:
 + Level 2.4 Fighting
 - Level 3.1 Dodging
 - Level 3.1 Stealth
 * Level 4.0 Unarmed Combat
 - Level 2.0 Spellcasting
 - Level 1.3 Conjurations
 - Level 4.2 Air Magic


You had 3 spell levels left.
You knew the following spells:

 Your Spells              Type           Power        Failure   Level  Hunger
a - Shock                 Conj/Air       ##..         8%          1    #......
b - Repel Missiles        Chrm/Air       ##....       12%         2    ###....
c - Swiftness             Chrm/Air       ##......     12%         2    ###....


Dungeon Overview and Level Annotations

Branches:
Dungeon (7/15)
 Temple: D:4-7

Altars:
Dithmenos
Elyvilon
Nemelex Xobeh
Qazlal

Annotations:
D:5 Eustachio, Pikel, Sigmund


Innate Abilities, Weirdness & Mutations

You cannot wear armour.
You are incapable of wielding weapons or throwing items.
You have sharp claws.
You have razor-sharp teeth.
You have supernaturally acute eyesight.
You are carnivorous and can eat meat at any time.
You cover ground quickly.
You are covered in thick fur (AC +2).
You have a slow metabolism.
Your sharp claws are effective at attacking unaware monsters.


Message History

Unknown command.
Casting: Shock
Confirm with . or Enter, or press ? or * to list all spells.
Aiming: Shock
Press: ? - help, Shift-Dir - straight line, f/p - orc wizard
Aim: an orc wizard, wielding a dagger and wearing a robe (lightly wounded, fast)
Okay, then.
Unknown command.
Unknown command.
Casting: Shock
Confirm with . or Enter, or press ? or * to list all spells.
Aiming: Shock
Press: ? - help, Shift-Dir - straight line, f/p - orc wizard
Aim: an orc wizard, wielding a dagger and wearing a robe (lightly wounded, fast)
You miscast Shock.
You are very lightly contaminated with residual magic.
You feel a strange surge of energy! The orc wizard casts a spell at you.
The puff of frost hits you!
You die...

#.........##....#.........###
.#.##.........##....#............
....'.........+.....'.......<....
.####>........##...##........####
########...........##........# #
..o....'...................).. +
...#####.........############# #
... #.........# #. ..o
#..o....o@##### ... ...
#.............# ... ...
#.........###.# ... #....%.####
... #......# ######## ##########
#.........


You could see an orc wizard and an orc.

Vanquished Creatures
  2 giant frogs
  A scorpion (D:4)
  A quasit (D:7)
  A jelly (D:5)
  An iguana (D:6)
  2 worker ants
  A worker ant zombie (D:6)
  An adder (D:3)
  2 shadow imps
  A worm (D:6)
  3 giant geckos
  An orc (D:3)
  A giant cockroach (D:5)
  A hobgoblin (D:1)
  3 bats (D:3)
  A goblin (D:2)
  5 kobolds
  A rat (D:2)
29 creatures vanquished.

Notes
Turn   | Place    | Note
--------------------------------------------------------------
     0 | D:1      | 4thArraOfDagon the Felid Air Elementalist began the quest for the Orb.
     0 | D:1      | Reached XP level 1. HP: 7/7 MP: 4/4
    31 | D:1      | Reached skill level 1 in Conjurations
    31 | D:1      | Reached skill level 3 in Air Magic
   138 | D:1      | Reached XP level 2. HP: 3/11 MP: 1/6
   147 | D:1      | Learned a level 2 spell: Repel Missiles
   244 | D:2      | Learned a level 2 spell: Swiftness
   309 | D:2      | Found a shadowy altar of Dithmenos.
   544 | D:4      | Found a sparkling altar of Nemelex Xobeh.
   570 | D:4      | Found a stormy altar of Qazlal.
   583 | D:4      | Noticed a scorpion
   665 | D:4      | Killed a scorpion
   665 | D:4      | Reached skill level 4 in Air Magic
   665 | D:4      | Reached XP level 3. HP: 14/14 MP: 0/7
   665 | D:4      | Reached XP level 4. HP: 18/18 MP: 0/8
   795 | D:5      | Entered Level 5 of the Dungeon
   847 | D:5      | Reached skill level 1 in Unarmed Combat
   854 | D:5      | Noticed Sigmund
   875 | D:5      | Reached skill level 1 in Fighting
   875 | D:5      | Reached XP level 5. HP: 20/22 MP: 2/9
   913 | D:5      | Noticed Eustachio
  1045 | D:6      | Noticed a sky beast
  1077 | D:6      | Found a white marble altar of Elyvilon.
  1259 | D:5      | Noticed a slave
  1260 | D:5      | Noticed a slave
  1262 | D:5      | Noticed Pikel
  1262 | D:5      | Noticed a slave
  1352 | D:7      | Gained mutation: You are covered in thick fur (AC +2). [Felid growth]
  1352 | D:7      | Reached XP level 6. HP: 2/26 MP: 0/10
  1438 | D:6      | Killed from afar by a shadow imp
  1439 | D:6      | Reached XP level 5. HP: -4/22 MP: 9/9
  1568 | D:7      | Killed from afar by an orc wizard

Action                   |  1- 3 |  4- 6 || total
-------------------------+-------+-------++-------
Melee: Unarmed           |     8 |    13 ||    21
 Cast: Shock             |    38 |    49 ||    87
       Repel Missiles    |     1 |       ||     1
Evoke: Wand              |       |    10 ||    10
  Use: Scroll            |     1 |     1 ||     2
 Stab: Sleeping          |     2 |     5 ||     7
  Eat: Chunk             |     7 |     2 ||     9
